 Dungeon Crawl Stone Soup version 0.31-a0-37-g98a128e1d9 (webtiles) character file.

Game seed: 5347368966485683349

747 pk666 the Magician (level 7, -1/36 HPs)
             Began as a Deep Elf Fire Elementalist on May 16, 2023.
             Slain by an ogre
             ... wielding a +0 giant club
              (27 damage)
             ... on level 7 of the Dungeon.
             The game lasted 00:18:33 (6020 turns).

pk666 the Magician (Deep Elf Fire Elementalist)     Turns: 6020, Time: 00:18:35

Health: -1/36      AC:  2    Str:  5    XL:     7   Next: 48%
Magic:  13/18      EV: 15    Int: 22    God:
Gold:   233        SH:  0    Dex: 17    Spells: 11/18 levels left

rFire   . . .        z - +3 quarterstaff "Spiderbane" {flame, Dex+2 Stlth+}
rCold   . . .        (shield currently unavailable)
rNeg    . . .        a - +0 robe
rPois   .            (no helmet)
rElec   .            (no cloak)
rCorr   .            (no gloves)
SInv    +            (no boots)
Will    .....        (no amulet)
Stlth   +++          r - ring of see invisible
HPRegen 0.26/turn    (no ring)
MPRegen 0.16/turn

%: no passive effects
@: very slightly contaminated
A: no striking features
a: no special abilities


You were on level 7 of the Dungeon.
You visited 1 branch of the dungeon, and saw 6 of its levels.
You also visited: Ossuary.

You collected 233 gold pieces.

Inventory:

Hand Weapons
 z - the +3 quarterstaff "Spiderbane" (weapon) {flame, Dex+2 Stlth+}
   (You found it on level 4 of the Dungeon)

   Dex:       It affects your dexterity (+2).
   Stlth:     It makes you more stealthy.
Armour
 a - a +0 robe (worn)
Jewellery
 r - a ring of see invisible (left hand)
Wands
 u - a wand of light (12)
 y - a wand of polymorph (9)
Scrolls
 c - 2 scrolls of enchant armour {unknown}
 e - 6 scrolls of teleportation
 f - 2 scrolls of noise {unknown}
 g - 2 scrolls of blinking {unknown}
 h - 3 scrolls of identify {unknown}
 i - 3 scrolls of enchant weapon {unknown}
 j - a scroll of summoning {unknown}
 l - a scroll of poison {unknown}
 o - 3 scrolls of fear {unknown}
 q - 3 scrolls of fog
 v - a scroll of amnesia {unknown}
 w - a scroll of vulnerability {unknown}
Potions
 b - a potion of magic
 d - 6 potions of curing {unknown}
 k - 2 potions of mutation {unknown}
 m - 3 potions of heal wounds {unknown}
 n - a potion of attraction {unknown}
 p - 4 potions of lignification {unknown}
 s - 2 potions of ambrosia {unknown}
 t - a potion of degeneration {unknown}
 x - a potion of cancellation {unknown}


   Skills:
 + Level 5.4 Dodging
 - Level 2.4 Stealth
 + Level 6.2 Spellcasting
 + Level 4.6 Conjurations
 + Level 5.5 Fire Magic
 + Level 0.0 Air Magic


You had 11 spell levels left.
You knew the following spells:

 Your Spells              Type           Power      Damage    Failure   Level
a - Foxfire               Conj/Fire      100%       2x1d9     1%          1
b - Scorch                Fire           62%        2d7       1%          2
c - Flame Wave            Conj/Fire      29%        2d9       11%         4

Your spell library contained the following spells:

 Spells                   Type           Power      Damage    Failure   Level
 Inner Flame              Hex/Fire       19%        N/A       9%          3
 Volatile Blastmotes      Fire/Tloc      38%        2d13      9%          3
 Vhi's Electric Charge    Tloc/Air       14%        N/A       26%         3
 Arcjolt                  Conj/Air       8%         1d18      67%         5
 Plasma Beam              Fire/Air       9%         2x1d22    99%         6


Dungeon Overview and Level Annotations

Branches:
Dungeon (5/15)            Ossuary (visited)
 Temple: D:4-7

Altars:
Hepliaklqana
The Shining One


Message History

You kill the dart slug!
You can't see any susceptible monsters within range! (Use Z to cast anyway.)
You start resting.
Magic restored.
You can't see any susceptible monsters within range! (Use Z to cast anyway.)
You see here a +2 dagger of electrocution.
You now have 233 gold pieces (gained 13).
A sourceless malevolence fills the Dungeon...
You fall into a shaft and drop 2 floors!
The shaft crumbles and collapses.
An ogre and 2 kobolds come into view.
The ogre shouts!
You hear a shout!
Casting: Scorch (safe; 1% risk of failure)
Confirm with . or Enter, or press ? or * to list all spells.
You conjure some foxfire!
The foxfire hits the ogre.
The ogre is moderately wounded.
The foxfire hits the ogre.
The ogre is moderately wounded.
Casting: Foxfire (safe; 1% risk of failure)
Confirm with . or Enter, or press ? or * to list all spells.
You conjure some foxfire!
The foxfire hits the ogre.
The ogre is heavily wounded.
The foxfire hits the ogre.
The ogre is severely wounded.
Casting: Foxfire (safe; 1% risk of failure)
Confirm with . or Enter, or press ? or * to list all spells.
The spell is quite dangerous to miscast (11% risk of failure)!
Continue anyway? [Y]es or [N]o only, please.
The spell is quite dangerous to miscast (11% risk of failure)!
Continue anyway?
Casting: Flame Wave (quite dangerous; 11% risk of failure)
Press: ? - help, Dir - look around, f - activate You miscast Flame Wave.
You are very lightly contaminated with residual magic.
Heat runs through your body! The ogre closely misses you.
The kobold hits you with a +0 club.
The ogre hits you with a +0 giant club!!
Ouch! That really hurt!
You die...

#.....
#...# #...#
####...####
#.........#
#.........#
#.........#
#....OK...#
#....@....#
###########


You could see an ogre and a kobold.

Vanquished Creatures
  4 elf zombies (Ossuary)
  A scorpion (D:3)
  2 human zombies (Ossuary)
  A hound (D:3)
  An orc priest (D:3)
  A sleepcap (D:4)
  An iguana (D:4)
  An orc wizard (D:3)
  2 mummies (Ossuary)
  7 adders
  A worm (D:2)
  6 dart slugs
  8 orcs (D:3)
  7 ball pythons
  9 endoplasms
  2 giant cockroaches
  7 goblins
  6 hobgoblins
  8 jackals
  2 kobolds
  2 quokkas
  A bat (D:2)
  2 frilled lizards
  2 goblin zombies (Ossuary)
  8 hobgoblin zombies (Ossuary)
  2 jackal zombies (Ossuary)
  9 kobold zombies (Ossuary)
  9 orc zombies (Ossuary)
  4 rats
  A rat zombie (Ossuary)
117 creatures vanquished.

Vanquished Creatures (others)
  305 foxfires
305 creatures vanquished.

Grand Total: 422 creatures vanquished

Notes
Turn   | Place    | Note
-------+----------+-------------------------------------------
     0 | D:1      | pk666 the Deep Elf Fire Elementalist began the quest for
                  | the Orb.
     0 | D:1      | Reached XP level 1. HP: 10/10 MP: 6/6
   183 | D:1      | Found a faded altar of an unknown god.
   289 | D:1      | Reached XP level 2. HP: 15/15 MP: 4/8
   388 | D:1      | Learned a level 2 spell: Scorch
  1335 | D:2      | Reached XP level 3. HP: 19/19 MP: 7/10
  1689 | D:2      | Identified the +8 dagger of Inoystru {antimagic, rF+ rC++}
  2151 | D:2      | Reached XP level 4. HP: 24/24 MP: 7/11
  2515 | D:2      | Reached skill level 4 in Spellcasting
  2618 | D:3      | Noticed a scorpion
  2628 | D:3      | Killed a scorpion
  2629 | D:3      | Reached XP level 5. HP: 27/28 MP: 8/13
  2677 | D:3      | Learned a level 4 spell: Flame Wave
  3908 | D:4      | Reached skill level 5 in Spellcasting
  3908 | D:4      | Reached XP level 6. HP: 7/32 MP: 8/15
  4015 | D:4      | Found a sand-covered staircase.
  4025 | Ossuary  | Entered an ossuary
  4479 | Ossuary  | HP: 1/32 [elf zombie (3)]
  4696 | Ossuary  | Reached skill level 5 in Fire Magic
  4810 | Ossuary  | Reached skill level 5 in Dodging
  4810 | Ossuary  | Reached XP level 7. HP: 30/36 MP: 1/17
  4919 | Ossuary  | Reached skill level 6 in Spellcasting
  5308 | D:4      | Found a glowing golden altar of the Shining One.
  5431 | D:4      | Identified the +3 quarterstaff "Spiderbane" {flame, Dex+2
                  | Stlth+}
  5924 | D:5      | Entered Level 5 of the Dungeon
  5924 | D:5      | Found a hazy altar of Hepliaklqana.
  6003 | D:5      | You fall into a shaft and drop 2 floors!
  6020 | D:7      | Slain by an ogre

Illustrated notes

Levels and vault maps discovered:
D:1:      sevenhm_arrival_forest_fort_large_1, layout_loops_corners,
          ebering_ecumenical_altar_webs
D:2:      layout_loops_corners, minmay_tetromino_s4
D:3:      layout_basic, chequers_arboretum,
          wander_ebering_terrifying_dragon_lair
D:4:      layout_basic, mainiacjoe_overflow_24_doors,
          nicolae_ossuary_entry_ruins
D:5:      layout_basic, amcnicky_altar_gilded, nicolae_elevator_lobby_plus
D:7:      layout_basic, minmay_temple_entry_offerings, minmay_checkerbox

Skill      XL: |  1  2  3  4  5  6  7 |
---------------+----------------------+-----
Dodging        | 3 4 5 |  5.4
Conjurations   | 2 3 4 |  4.6
Fire Magic     | 4 5 |  5.5
Spellcasting   | 4 5 6 |  6.2
Stealth        | |  2.4

Action                     |  1- 3 |  4- 6 |  7- 9 || total
---------------------------+-------+-------+-------++-------
  Melee: Dagger            |       |    13 |       ||    13
   Cast: Foxfire           |    88 |    73 |    27 ||   188
         Scorch            |     5 |    47 |     8 ||    60
         Flame Wave        |       |     4 |     2 ||     6
    Use: Scroll            |       |       |     2 ||     2
 Armour: Robe              |     3 |    15 |     2 ||    20
  Dodge: Dodged            |    15 |    75 |     5 ||    95

Table legend: (Time is in decaauts)
 A = Elapsed time spent in this place.
 B = Non-inter-level travel time spent in this place.
 C = Inter-level travel time spent in this place.
 D = Time resting spent in this place.
 E = Time spent auto-exploring this place.
 F = Levels seen in this place.
 G = Mean time per level.
                   A        B        C        D        E       F      G
               +--------+--------+--------+--------+--------+-----+--------+
         Total |   6017 |   5883 |    134 |    499 |   4108 |   7 |  859.6 |
       Dungeon |   4900 |   4766 |    134 |    321 |   3931 |   6 |  816.7 |
       Ossuary |   1116 |   1116 |      0 |    178 |    177 |   1 | 1116.0 |
               +--------+--------+--------+--------+--------+-----+--------+

Top non-repeatable levels by time:
     D:1: 1321 daAuts
     D:2: 1296 daAuts
     D:3: 1209 daAuts
 Ossuary: 1116 daAuts
     D:4: 977 daAuts
     D:5: 78 daAuts
     D:7: 16 daAuts
